 Dungeon Crawl Stone Soup version 0.30.0-17-ge0270778cf (webtiles) character file.

Game seed: 1426901196252008914

1614 Hubris850 the Magician (level 8, -1/36 HPs)
             Began as a Spriggan Earth Elementalist on May 22, 2023.
             Was an Initiate of Ru.
             Killed by divine providence
             ... invoked by an orc priest
              (12 damage)
             ... on level 6 of the Dungeon.
             The game lasted 00:19:11 (6459 turns).

Hubris850 the Magician (SpEE)                       Turns: 6459, Time: 00:19:12

Health: -1/36      AC:  4    Str:  4    XL:     8   Next: 64%
Magic:  15/18      EV: 18    Int: 19    God:    Ru [......]
Gold:   286        SH:  0    Dex: 15    Spells: 7/19 levels left

rFire   . . .        b - +2 dagger (elec)
rCold   + . .        (no shield)
rNeg    + . .        C - +2 robe {rN+}
rPois   .            (helmet restricted)
rElec   .            (no cloak)
rCorr   .            (gloves unavailable)
SInv    +            (boots unavailable)
Will    +....        (no amulet)
Stlth   +++          d - ring of wizardry
HPRegen 0.26/turn    n - ring of protection from cold
MPRegen 0.16/turn

%: wizardry (x1)
@: very quick
A: very small, no large weapons, unfitting armour, see invisible, speed 3
a: Renounce Religion


You were on level 6 of the Dungeon.
You worshipped Ru.
Ru was noncommittal.
You visited 2 branches of the dungeon, and saw 7 of its levels.

You collected 286 gold pieces.

Inventory:

Hand Weapons
 b - a +2 dagger of electrocution (weapon)
 c - a +0 dagger
 B - a +0 dagger of venom
Missiles
 o - 2 poisoned darts
 p - 5 curare-tipped darts
 v - 4 boomerangs
Armour
 e - a +0 robe
 A - +0 shadow dragon scales
 C - a +2 robe of positive energy (worn)
Magical Staves
 a - a staff of conjuration
 s - a staff of cold
Jewellery
 d - a ring of wizardry (left hand)
 n - a ring of protection from cold (right hand)
 I - a ring of flight
Wands
 F - a wand of digging (2)
 H - a wand of flame (17)
Scrolls
 f - a scroll of butterflies {unknown}
 h - a scroll of brand weapon {unknown}
 j - a scroll of torment {unknown}
 k - 8 scrolls of identify {unknown}
 l - a scroll of fear {unknown}
 m - 2 scrolls of blinking {unknown}
 u - 3 scrolls of vulnerability {unknown}
 x - a scroll of poison {unknown}
 y - a scroll of enchant armour {unknown}
 D - a scroll of amnesia {unknown}
 J - a scroll of immolation {unknown}
 K - a scroll of fog {unknown}
Potions
 g - 4 potions of curing {unknown}
 i - a potion of attraction {unknown}
 q - a potion of resistance {unknown}
 r - 2 potions of berserk rage {unknown}
 t - 3 potions of degeneration {unknown}
 w - 3 potions of mutation {unknown}
 z - a potion of lignification {unknown}
 E - a potion of magic
 G - a potion of heal wounds {unknown}


   Skills:
 - Level 3.5 Dodging
 - Level 4.0 Stealth
 - Level 6.4 Spellcasting
 - Level 4.0 Conjurations
 + Level 4.1 Summonings
 - Level 3.0 Transmutations
 - Level 5.1 Earth Magic
 - Level 2.0 Poison Magic


You had 7 spell levels left.
You knew the following spells:

 Your Spells              Type           Power      Damage    Failure   Level
a - Sandblast             Erth           50%        2d12      1%          1
b - Passwall              Tmut/Erth      17%        N/A       1%          2
c - Stone Arrow           Conj/Erth      46%        3d9       1%          3
d - Spider Form           Tmut/Pois      15%        N/A       4%          3
e - Call Canine Familiar  Summ           21%        N/A       2%          3

Your spell library contained the following spells:

 Spells                   Type           Power      Damage    Failure   Level
 Summon Small Mammal      Summ           84%        N/A       1%          1
 Ensorcelled Hibernation  Hex/Ice        12%        N/A       6%          2
 Summon Guardian Golem    Hex/Summ       13%        N/A       6%          3
 Petrify                  Tmut/Erth      21%        N/A       9%          4
 Swiftness                Air            6%         N/A       13%         3
 Anguish                  Hex/Necr       3%         N/A       38%         4
 Summon Forest            Summ/Tloc      6%         N/A       45%         5
 Eringya's Noxious Bog    Tmut/Pois      7%         N/A       90%         6
 Summon Hydra             Summ           10%        N/A       99%         7


Dungeon Overview and Level Annotations

Branches:
Dungeon (6/15)             Temple (1/1) D:5

Altars:
Ashenzari
Cheibriados
Dithmenos
Elyvilon
Fedhas
Gozag
Hepliaklqana
Kikubaaqudgha
Makhleb
Nemelex Xobeh
Okawaru
Qazlal
Ru
Trog
Uskayaw
Vehumet
Wu Jian
Xom
Yredelemnul
Zin
The Shining One


Innate Abilities, Weirdness & Mutations

You are very small and have problems with some larger weapons.
You are too small for most types of armour.
You have supernaturally acute eyesight. (SInv)
You cover ground extremely quickly. (Speed+++)


Message History

An orc priest comes into view. It is wielding a +0 flail.
The orc priest shouts!
You hear a shout! x2
An orc priest comes into view. It is wielding a +0 short sword.
You hear a shout! x2; The gnoll sergeant shouts!
Casting: Call Canine Familiar (dangerous; 2% risk of failure)
Confirm with . or Enter, or press ? or * to list all spells.
You hear a shout! x2
Your hound disappears in a puff of smoke!
Casting: Call Canine Familiar (dangerous; 2% risk of failure)
Confirm with . or Enter, or press ? or * to list all spells.
Okay, then.
The orc priest mumbles some strange prayers to Beogh against you.
Beogh smites you! The gnoll closely misses you.
Your hound bites the gnoll.
The gnoll hits you with a +0 halberd.
Your hound misses the gnoll. The gnoll barely misses you.
There is an open door, spattered with blood here.
Items here: )) ÷ ††.
Casting: Call Canine Familiar (dangerous; 2% risk of failure)
Confirm with . or Enter, or press ? or * to list all spells.
Aiming: Sandblast (safe; 1% risk of failure)
Press: ? - help, Shift-Dir - straight line, f - gnoll
Aim: a gnoll, wielding a +0 halberd (moderately wounded, ally target, 85% to hit)
The blast of sand hits the gnoll!
You kill the gnoll!
You see here a hobgoblin corpse.
Your hound bites the gnoll sergeant.
The gnoll sergeant hits your hound with a +0 spear.
Your hound barely misses the gnoll sergeant.
The gnoll sergeant misses your hound.
Your hound closely misses the gnoll sergeant.
Your hound barely misses the gnoll sergeant.
The gnoll sergeant closely misses your hound.
The orc priest calls down the wrath of Beogh upon you.
Beogh smites you!
Your hound bites the gnoll sergeant.
The gnoll sergeant hits your hound with a +0 spear!
Your hound dies!
Your hound's corpse disappears in a puff of smoke!
The orc priest mumbles some strange prayers to Beogh against you.
Beogh smites you!
You die... #..# PPPP..#

.... #$o# P♣...# .....
#.g# ♣♣PP.# ..... #.(#
♣P♣..###.... #h.#
#♣PP..##...
#..######......#.#
#..#....'...))...#
#)g#..>)))...)†..##
#.o§†@.['..)......####
#''######♣)....##..<..
#.....#PPPPP...##.####
#.....#♣PP♣..!........
#....(#♣PPPP..###.####
#######♣P♣...## #.#
#..P♣ ♣PPP.... ...
#..PPPP♣.....## ####
#..♣P♣P.....#


You could see a gnoll sergeant and an orc priest.

Vanquished Creatures
  Grinder (D:5)
  Eustachio (D:5)
  Duvessa (D:5)
  An ice beast (D:5)
  A black bear (D:3)
  3 kobold brigands
  A gnoll sergeant (D:6)
  A scorpion (D:5)
  Dowan (D:5)
  A howler monkey (D:5)
  3 orc priests
  5 hounds
  A gnoll bouda (D:6)
  4 orc wizards (D:5)
  6 adders
  5 gnolls (D:6)
  A shadow imp (D:5)
  A worm (D:3)
  4 dart slugs
  8 orcs (D:5)
  5 endoplasms
  5 giant cockroaches
  7 goblins
  9 hobgoblins
  3 jackals (D:4)
  21 kobolds
  2 quokkas
  8 ball pythons
  3 bats (D:2)
  A frilled lizard (D:1)
  11 rats
125 creatures vanquished.

Vanquished Creatures (collateral kills)
  A gnoll (D:6)
  A hobgoblin (D:6)
2 creatures vanquished.

Grand Total: 127 creatures vanquished

Notes
Turn   | Place    | Note
-------+----------+-------------------------------------------
     0 | D:1      | Hubris850 the Spriggan Earth Elementalist began the quest
                  | for the Orb.
     0 | D:1      | Reached XP level 1. HP: 9/9 MP: 5/5
   337 | D:1      | Reached XP level 2. HP: 13/13 MP: 4/6
   360 | D:1      | Learned a level 2 spell: Passwall
   562 | D:1      | Reached skill level 3 in Spellcasting
   903 | D:1      | Found a faded altar of an unknown god.
  1288 | D:2      | Reached XP level 3. HP: 16/16 MP: 6/8
  1292 | D:2      | Learned a level 3 spell: Stone Arrow
  2056 | D:3      | Reached XP level 4. HP: 21/21 MP: 3/10
  2228 | D:3      | Noticed a kobold brigand
  2229 | D:3      | Noticed a kobold brigand
  2380 | D:2      | Killed a kobold brigand
  2381 | D:2      | Reached skill level 1 in Conjurations
  2381 | D:2      | Reached XP level 5. HP: 13/24 MP: 0/11
  2494 | D:3      | Reached skill level 4 in Spellcasting
  2817 | D:3      | Noticed a black bear
  2819 | D:3      | Killed a black bear
  2820 | D:3      | Reached XP level 6. HP: 28/28 MP: 7/14
  3312 | D:4      | Learned a level 3 spell: Spider Form
  3937 | D:5      | Entered Level 5 of the Dungeon
  3948 | D:5      | Reached skill level 5 in Spellcasting
  3951 | D:5      | Reached skill level 1 in Poison Magic
  4283 | D:5      | Reached XP level 7. HP: 32/32 MP: 2/16
  4502 | D:5      | Noticed Duvessa
  4505 | D:5      | Noticed Dowan
  4507 | D:5      | Killed Dowan
  4528 | D:5      | Killed Duvessa
  4593 | D:5      | Reached skill level 6 in Spellcasting
  4741 | D:5      | Noticed Grinder
  4746 | D:5      | Killed Grinder
  4747 | D:5      | Reached skill level 5 in Earth Magic
  4747 | D:5      | Reached XP level 8. HP: 36/36 MP: 9/18
  4894 | D:5      | Found a staircase to the Ecumenical Temple.
  4901 | Temple   | Entered the Ecumenical Temple
  4906 | Temple   | Learned a level 3 spell: Call Canine Familiar
  5358 | Temple   | Became a worshipper of Ru the Awakened
  5562 | D:5      | Noticed Eustachio
  5573 | D:5      | Killed Eustachio
  5574 | D:5      | Reached skill level 1 in Summonings
  5900 | D:5      | Found a sparkling altar of Nemelex Xobeh.
  6459 | D:6      | Killed from afar by an orc priest

Illustrated notes

Levels and vault maps discovered:
D:1:      roderic_dead_forest, layout_loops_corners,
          chequers_ecumenical_altar_grove, minmay_statues_item,
          minmay_door_square, hangedman_abyss_or_decor_stabs
D:2:      layout_loops_cross
D:3:      cheibrodos_thug_alley, layout_rooms
D:4:      layout_loops_ring, minmay_checkerbox
D:5:      layout_gridville, lemuel_tele_altar, minmay_temple_entry_glassed_door,
          minmay_liquid_box, uniq_eustachio, uniq_duvessa, uniq_grinder
D:6:      kennysheep_housing_project, layout_loops_cross,
          lemuel_coloured_pillars_altar
Temple:   mainiacjoe_temple_big_plus

Skill      XL: |  1  2  3  4  5  6  7  8 |
---------------+-------------------------+-----
Dodging        | 3 |  3.5
Spellcasting   | 3 4 5 6 |  6.4
Transmutations | 2 3 |  3.0
Earth Magic    | 3 4 5 |  5.1
Stealth        | 4 |  4.0
Conjurations   | 1 2 3 4 |  4.0
Poison Magic   | 1 2 |  2.0
Summonings     | 4 |  4.1

Action                     |  1- 3 |  4- 6 |  7- 9 || total
---------------------------+-------+-------+-------++-------
  Melee: Staff             |       |     8 |     2 ||    10
         Unarmed           |       |       |    12 ||    12
         Dagger            |       |       |     9 ||     9
   Cast: Sandblast         |    70 |    76 |    43 ||   189
         Stone Arrow       |       |    14 |    23 ||    37
         Passwall          |       |     1 |       ||     1
         Call Canine Famil |       |       |     6 ||     6
         Spider Form       |       |       |     1 ||     1
 Armour: Robe              |     5 |     1 |     7 ||    13
         Skin              |       |       |     3 ||     3
  Dodge: Dodged            |    18 |    30 |    80 ||   128
